TOP OF THE 1ST |
Chicago (WIN) White Sox batting - Pitching for Boston (WIN) Red Sox : RHP Steve Capizzi
|
Pitching: RHP Steve Capizzi
|
|
Batting: RHB Jason Moss
|
0-0: Ball 1-0: Ball 2-0: Ground out U3 (Groundball, 3, EV 98.8 MPH)
|
Batting: LHB Dustin Taylor
|
0-0: Called Strike 0-1: Ball 1-1: Foul Ball, location: 2F 1-2: Ball 2-2: Ball 3-2: Foul Ball, location: 2F 3-2: Foul Ball, location: 2F 3-2: Foul Ball, location: 2F 3-2: Base on Balls
|
Batting: RHB Brad Boals
|
0-0: Ball 1-0: Ball 2-0: Ball 3-0: Called Strike 3-1: Fly out, F6 (Popup, 6MD, EV 70.0 MPH)
|
Batting: LHB Angel Tellez
|
0-0: Ball 1-0: Ball 2-0: Foul Ball, location: 2F 2-1: Ball Dustin Taylor is caught stealing 2nd base 2-6
|
Top of the 1st over - 0 runs, 0 hits, 0 errors, 0 left on base; Chicago (WIN) 0 - Boston (WIN) 0 |
BOTTOM OF THE 1ST |
Boston (WIN) Red Sox batting - Pitching for Chicago (WIN) White Sox : RHP Derrick Easley
|
Pitching: RHP Derrick Easley
|
|
Batting: LHB Tim Fuller
|
0-0: Called Strike 0-1: Ball 1-1: Ground out 4-3 (Groundball, 4, EV 86.2 MPH)
|
Batting: RHB Dan Friess
|
0-0: Ball 1-0: Ball 2-0: Called Strike 2-1: Ground out 1-3 (Groundball, 13S, EV 73.1 MPH)
|
Batting: LHB Jarrett Mordecai
|
0-0: Called Strike 0-1: Called Strike 0-2: Ball 1-2: Strikes out swinging
|
Bottom of the 1st over - 0 runs, 0 hits, 0 errors, 0 left on base; Chicago (WIN) 0 - Boston (WIN) 0 |
TOP OF THE 2ND |
Chicago (WIN) White Sox batting - Pitching for Boston (WIN) Red Sox : RHP Steve Capizzi
|
Batting: LHB Angel Tellez
|
0-0: Called Strike 0-1: Ball 1-1: Ball 2-1: Swinging Strike 2-2: Ball 3-2: Foul Ball, location: 2F 3-2: Foul Ball, location: 2F 3-2: SINGLE (Groundball, 4MD, EV 94.4 MPH)
|
Batting: LHB Ryan Dyal
|
0-0: Ball 1-0: Ball 2-0: Ball 3-0: Called Strike 3-1: Called Strike 3-2: Ground out 5-3 (Groundball, 5, EV 100.6 MPH) Angel Tellez to second
|
Batting: RHB Danny Longoria
|
0-0: Ball 1-0: Ball 2-0: Ball 3-0: Called Strike 3-1: Foul Ball, location: 2F 3-2: Strikes out swinging
|
Batting: LHB John Thurman
|
0-0: Ball 1-0: Foul Ball, location: 2F 1-1: Called Strike 1-2: Strikes out looking
|
Top of the 2nd over - 0 runs, 1 hit, 0 errors, 1 left on base; Chicago (WIN) 0 - Boston (WIN) 0 |
BOTTOM OF THE 2ND |
Boston (WIN) Red Sox batting - Pitching for Chicago (WIN) White Sox : RHP Derrick Easley
|
Batting: SHB Ben Ervin
|
0-0: Swinging Strike 0-1: Ball 1-1: Ball 2-1: Ball 3-1: Called Strike 3-2: Foul Ball, location: 2F 3-2: Fly out, F7 (Line Drive, 78M, EV 100.0 MPH)
|
Batting: RHB Jose Diaz
|
0-0: Ball 1-0: Called Strike 1-1: Ball 2-1: Ground out 5-3 (Groundball, 56, EV 95.6 MPH)
|
Batting: RHB Brandon Perris
|
0-0: Ball 1-0: Ball 2-0: Foul Ball, location: 2F 2-1: DOUBLE (Flyball, 78D, EV 103.1 MPH)
|
Batting: LHB John Bailey
|
0-0: Ball 1-0: Called Strike 1-1: Swinging Strike 1-2: Foul Ball, location: 2F 1-2: Ball 2-2: SINGLE (Groundball, 3S, EV 67.5 MPH) (infield hit) Brandon Perris to third
|
Batting: RHB John Chiesa
|
0-0: Ball 1-0: Ball 2-0: Ball 3-0: Base on Balls John Bailey to second
|
Batting: RHB Joe Sandoval
|
0-0: Fly out, F8 (Flyball, 8RD, EV 95.6 MPH)
|
Bottom of the 2nd over - 0 runs, 2 hits, 0 errors, 3 left on base; Chicago (WIN) 0 - Boston (WIN) 0 |
TOP OF THE 3RD |
Chicago (WIN) White Sox batting - Pitching for Boston (WIN) Red Sox : RHP Steve Capizzi
|
Batting: RHB Jose Medina
|
0-0: Called Strike 0-1: Swinging Strike 0-2: Ball 1-2: Fly out, F8 (Flyball, 8RM, EV 87.5 MPH)
|
Batting: RHB John Iddings
|
0-0: Ball 1-0: Ball 2-0: SINGLE (Flyball, 7LS, EV 90.0 MPH)
|
Batting: RHB Jason Moss
|
0-0: Foul Ball, location: 2F 0-1: Ball 1-1: Swinging Strike 1-2: Strikes out swinging
|
Batting: LHB Dustin Taylor
|
0-0: Foul Ball, location: 2F 0-1: Foul Ball, location: 2F 0-2: Foul Ball, location: 2F 0-2: Ball 1-2: Ball 2-2: Strikes out looking
|
Top of the 3rd over - 0 runs, 1 hit, 0 errors, 1 left on base; Chicago (WIN) 0 - Boston (WIN) 0 |
BOTTOM OF THE 3RD |
Boston (WIN) Red Sox batting - Pitching for Chicago (WIN) White Sox : RHP Derrick Easley
|
Batting: LHB Tim Fuller
|
0-0: Called Strike 0-1: Ball 1-1: Ball 2-1: Ball 3-1: Swinging Strike 3-2: Ground out 5-3 (Groundball, 56, EV 97.5 MPH)
|
Batting: RHB Dan Friess
|
0-0: Ball 1-0: Ball 2-0: Foul Ball, location: 2F 2-1: Ball 3-1: Called Strike 3-2: Strikes out swinging
|
Batting: LHB Jarrett Mordecai
|
0-0: Ball 1-0: Ball 2-0: Foul Ball, location: 2F 2-1: Ball 3-1: Called Strike 3-2: SINGLE (Groundball, 34D, EV 98.1 MPH)
|
Batting: SHB Ben Ervin
|
0-0: Fly out, F5 (Line Drive, 5L, EV 75.6 MPH)
|
Bottom of the 3rd over - 0 runs, 1 hit, 0 errors, 1 left on base; Chicago (WIN) 0 - Boston (WIN) 0 |
TOP OF THE 4TH |
Chicago (WIN) White Sox batting - Pitching for Boston (WIN) Red Sox : RHP Steve Capizzi
|
Batting: RHB Brad Boals
|
0-0: Fly out, F8 (Flyball, 8LD, EV 101.2 MPH)
|
Batting: LHB Angel Tellez
|
0-0: Called Strike 0-1: Ball 1-1: Swinging Strike 1-2: Ball 2-2: Fly out, F7 (Line Drive, 7LM, EV 97.5 MPH)
|
Batting: LHB Ryan Dyal
|
0-0: Ball 1-0: Called Strike 1-1: Ground out U3 (Groundball, 3L, EV 105.0 MPH)
|
Top of the 4th over - 0 runs, 0 hits, 0 errors, 0 left on base; Chicago (WIN) 0 - Boston (WIN) 0 |
BOTTOM OF THE 4TH |
Boston (WIN) Red Sox batting - Pitching for Chicago (WIN) White Sox : RHP Derrick Easley
|
Batting: RHB Jose Diaz
|
0-0: Ball 1-0: Foul Ball, location: 2F 1-1: Foul Ball, location: 2F 1-2: Ball 2-2: Strikes out swinging
|
Batting: RHB Brandon Perris
|
0-0: Ball 1-0: Called Strike 1-1: Called Strike 1-2: Foul Ball, location: 2F 1-2: Ball 2-2: Strikes out swinging
|
Batting: LHB John Bailey
|
0-0: Ball 1-0: Ball 2-0: Ball 3-0: Called Strike 3-1: Base on Balls
|
Batting: RHB John Chiesa
|
0-0: Ball 1-0: Foul Ball, location: 2F 1-1: Called Strike 1-2: Foul Ball, location: 2F 1-2: Strikes out swinging
|
Bottom of the 4th over - 0 runs, 0 hits, 0 errors, 1 left on base; Chicago (WIN) 0 - Boston (WIN) 0 |
TOP OF THE 5TH |
Chicago (WIN) White Sox batting - Pitching for Boston (WIN) Red Sox : RHP Steve Capizzi
|
Batting: RHB Danny Longoria
|
0-0: Swinging Strike 0-1: Ground out 5-3 (Groundball, 5L, EV 99.4 MPH)
|
Batting: LHB John Thurman
|
0-0: Called Strike 0-1: Foul Ball, location: 2F 0-2: Strikes out swinging
|
Batting: RHB Jose Medina
|
0-0: Ball 1-0: Ball 2-0: Called Strike 2-1: Foul Ball, location: 2F 2-2: DOUBLE (Line Drive, 7LM, EV 100.6 MPH)
|
Pitching: LHP Will Sledge
|
|
Batting: RHB John Iddings
|
0-0: Ground out 6-3 (Groundball, 6, EV 86.9 MPH)
|
Top of the 5th over - 0 runs, 1 hit, 0 errors, 1 left on base; Chicago (WIN) 0 - Boston (WIN) 0 |
BOTTOM OF THE 5TH |
Boston (WIN) Red Sox batting - Pitching for Chicago (WIN) White Sox : RHP Derrick Easley
|
Batting: RHB Joe Sandoval
|
0-0: Ball 1-0: Ball 2-0: Ball 3-0: Called Strike 3-1: Called Strike 3-2: Fly out, F9 (Line Drive, 9LS, EV 89.4 MPH)
|
Batting: LHB Tim Fuller
|
0-0: Called Strike 0-1: SINGLE (Line Drive, 6MD, EV 95.6 MPH)
|
Batting: RHB Dan Friess
|
0-0: Ball Tim Fuller is caught stealing 2nd base 2-4 1-0: Ball 2-0: Called Strike 2-1: Ball 3-1: Base on Balls
|
Pitching: LHP David Schultz
|
|
Batting: LHB Jarrett Mordecai
|
0-0: Ball 1-0: Foul Ball, location: 2F 1-1: Foul Ball, location: 2F 1-2: Fly out, F7 (Flyball, 7D, EV 86.9 MPH)
|
Bottom of the 5th over - 0 runs, 1 hit, 0 errors, 1 left on base; Chicago (WIN) 0 - Boston (WIN) 0 |
TOP OF THE 6TH |
Chicago (WIN) White Sox batting - Pitching for Boston (WIN) Red Sox : LHP Will Sledge
|
Batting: RHB Jason Moss
|
0-0: Ground out 1-3 (Groundball, 34S, EV 76.2 MPH)
|
Batting: LHB Dustin Taylor
|
0-0: Called Strike 0-1: Ball 1-1: DOUBLE (Line Drive, 89D, EV 108.8 MPH)
|
Batting: RHB Brad Boals
|
0-0: Ball 1-0: Called Strike 1-1: Swinging Strike 1-2: Ball 2-2: Foul Ball, location: 2F 2-2: Strikes out swinging
|
Batting: LHB Angel Tellez
|
0-0: Swinging Strike 0-1: Swinging Strike 0-2: Ball 1-2: Ball 2-2: Strikes out swinging
|
Top of the 6th over - 0 runs, 1 hit, 0 errors, 1 left on base; Chicago (WIN) 0 - Boston (WIN) 0 |
BOTTOM OF THE 6TH |
Boston (WIN) Red Sox batting - Pitching for Chicago (WIN) White Sox : LHP David Schultz
|
Batting: SHB Ben Ervin
|
0-0: Ball 1-0: Called Strike 1-1: SINGLE (Groundball, 56S, EV 70.6 MPH) (infield hit)
|
Batting: RHB Jose Diaz
|
0-0: Called Strike Ben Ervin is caught stealing 2nd base 2-4 0-1: Ball 1-1: Fly out, F8 (Flyball, 8RD, EV 103.8 MPH)
|
Batting: RHB Brandon Perris
|
0-0: Foul Ball, location: 2F 0-1: Called Strike 0-2: Ball 1-2: Foul Ball, location: 2F 1-2: Foul Ball, location: 2F 1-2: Ground out U3 (Groundball, 34S, EV 85.0 MPH)
|
Bottom of the 6th over - 0 runs, 1 hit, 0 errors, 0 left on base; Chicago (WIN) 0 - Boston (WIN) 0 |
TOP OF THE 7TH |
Chicago (WIN) White Sox batting - Pitching for Boston (WIN) Red Sox : LHP Will Sledge
|
Batting: LHB Ryan Dyal
|
0-0: Ball 1-0: Ball 2-0: Called Strike 2-1: Ground out 4-3 (Groundball, 4, EV 99.4 MPH)
|
Batting: RHB Danny Longoria
|
0-0: TRIPLE (Flyball, 89XD, EV 95.6 MPH)
|
Pinch Hitting: RHB Vic Lucatero
|
0-0: Ball 1-0: Foul Ball, location: 2F 1-1: Ball 2-1: Ground out 5-3 (Groundball, 5, EV 83.8 MPH)
|
Batting: RHB Jose Medina
|
0-0: Ball 1-0: Foul Ball, location: 2F 1-1: Ball 2-1: Foul Ball, location: 2F 2-2: Foul Ball, location: 2F 2-2: Fly out, F9 (Flyball, 89D, EV 101.2 MPH)
|
Top of the 7th over - 0 runs, 1 hit, 0 errors, 1 left on base; Chicago (WIN) 0 - Boston (WIN) 0 |
BOTTOM OF THE 7TH |
Boston (WIN) Red Sox batting - Pitching for Chicago (WIN) White Sox : LHP David Schultz
|
Now in RF: Vic Lucatero
|
|
Pinch Hitting: RHB Matt Hinkle
|
0-0: Foul Ball, location: 2F 0-1: Called Strike 0-2: Ball 1-2: Ball 2-2: Strikes out looking
|
Batting: RHB John Chiesa
|
0-0: Called Strike 0-1: Ball 1-1: Fly out, F8 (Flyball, 8LM, EV 95.6 MPH)
|
Batting: RHB Joe Sandoval
|
0-0: Ball 1-0: Foul Ball, location: 2F 1-1: Ball 2-1: Ball 3-1: Base on Balls
|
Batting: LHB Tim Fuller
|
0-0: Ball 1-0: Ground out 4-3 (Groundball, 4, EV 80.0 MPH)
|
Bottom of the 7th over - 0 runs, 0 hits, 0 errors, 1 left on base; Chicago (WIN) 0 - Boston (WIN) 0 |
TOP OF THE 8TH |
Chicago (WIN) White Sox batting - Pitching for Boston (WIN) Red Sox : LHP Will Sledge
|
Now at 2B: Matt Hinkle
|
|
Batting: RHB John Iddings
|
0-0: Ball 1-0: Foul Ball, location: 2F 1-1: Ball 2-1: Ball 3-1: Called Strike 3-2: Strikes out swinging
|
Batting: RHB Jason Moss
|
0-0: Ball 1-0: Foul Ball, location: 2F 1-1: Fly out, F7 (Flyball, 7LS, EV 92.5 MPH)
|
Batting: LHB Dustin Taylor
|
0-0: Ball 1-0: Ball 2-0: Ball 3-0: Swinging Strike 3-1: Base on Balls
|
Batting: RHB Brad Boals
|
0-0: Ball 1-0: Swinging Strike 1-1: Foul Ball, location: 2F 1-2: Foul Ball, location: 2F 1-2: Foul Ball, location: 2F 1-2: Ball 2-2: Ball 3-2: 2-RUN HOME RUN (Flyball, 78XD, EV 115.0 MPH), Distance : 442 ft
|
Batting: LHB Angel Tellez
|
0-0: Ball 1-0: Ground out U3 (Groundball, 3, EV 86.9 MPH)
|
Top of the 8th over - 2 runs, 1 hit, 0 errors, 0 left on base; Chicago (WIN) 2 - Boston (WIN) 0 |
BOTTOM OF THE 8TH |
Boston (WIN) Red Sox batting - Pitching for Chicago (WIN) White Sox : LHP David Schultz
|
Batting: RHB Dan Friess
|
0-0: Fly out, F8 (Flyball, 8LM, EV 83.1 MPH)
|
Batting: LHB Jarrett Mordecai
|
0-0: Called Strike 0-1: Ball 1-1: Ball 2-1: Foul Ball, location: 2F 2-2: Strikes out swinging
|
Batting: SHB Ben Ervin
|
0-0: Called Strike 0-1: Ball 1-1: Swinging Strike 1-2: Strikes out swinging
|
Bottom of the 8th over - 0 runs, 0 hits, 0 errors, 0 left on base; Chicago (WIN) 2 - Boston (WIN) 0 |
TOP OF THE 9TH |
Chicago (WIN) White Sox batting - Pitching for Boston (WIN) Red Sox : LHP Will Sledge
|
Pitching: LHP Danny Schneible
|
|
Batting: LHB Ryan Dyal
|
0-0: Ball 1-0: Foul Ball, location: 2F 1-1: Called Strike 1-2: Foul Ball, location: 2F 1-2: Strikes out swinging
|
Batting: RHB Danny Longoria
|
0-0: Swinging Strike 0-1: Ball 1-1: Ball 2-1: Foul Ball, location: 2F 2-2: Foul Ball, location: 2F 2-2: Foul Ball, location: 2F 2-2: Strikes out looking
|
Batting: RHB Vic Lucatero
|
0-0: Called Strike 0-1: Called Strike 0-2: Ball 1-2: Foul Ball, location: 2F 1-2: Strikes out looking
|
Top of the 9th over - 0 runs, 0 hits, 0 errors, 0 left on base; Chicago (WIN) 2 - Boston (WIN) 0 |
BOTTOM OF THE 9TH |
Boston (WIN) Red Sox batting - Pitching for Chicago (WIN) White Sox : LHP David Schultz
|
Pitching: LHP Steven Wolf
|
|
Batting: RHB Jose Diaz
|
0-0: Called Strike 0-1: Called Strike 0-2: Ball 1-2: Strikes out swinging
|
Batting: RHB Brandon Perris
|
0-0: Called Strike 0-1: Ball 1-1: Ball 2-1: Swinging Strike 2-2: Ground out 6-3 (Groundball, 6, EV 85.6 MPH)
|
Batting: RHB Matt Hinkle
|
0-0: Called Strike 0-1: Swinging Strike 0-2: Ball 1-2: Ball 2-2: Foul Ball, location: 2F 2-2: SINGLE (Flyball, 6D, EV 84.4 MPH)
|
Batting: RHB John Chiesa
|
0-0: Fielders Choice at 2nd, 5-4 (Groundball, 56, EV 86.2 MPH)
|
Bottom of the 9th over - 0 runs, 1 hit, 0 errors, 1 left on base; Chicago (WIN) 2 - Boston (WIN) 0 |
|